 Dungeon Crawl Stone Soup version 0.30-a0-728-gc68057be0a (webtiles) character file.

Game seed: 3089619948640501676

2223 kae the Geomancer (level 9, -20/45 HPs)
             Began as a Gargoyle Earth Elementalist on Jan 30, 2023.
             Demolished by a two-headed ogre
             ... wielding a +0 giant spiked club
              (35 damage)
             ... on level 8 of the Dungeon.
             The game lasted 00:08:13 (7546 turns).

kae the Geomancer (Gargoyle Earth Elementalist)     Turns: 7546, Time: 00:08:14

Health: -20/45     AC:  9    Str: 15    XL:     9   Next: 35%
Magic:  9/17       EV: 11    Int: 23    God:
Gold:   118        SH:  0    Dex: 10    Spells: 8/18 levels left

rFire   . . .      SeeInvis .    o - +2 whip (freeze)
rCold   . . .      Faith    .    (no shield)
rNeg    + . .      Spirit   .    v - +0 leather armour of an ossuary {rPois Str+3 Int+3}
rPois   ∞          Reflect  .    (no helmet)
rElec   +          Harm     .    (no cloak)
rCorr   .          Rampage  .    (no gloves)
Will    +....                    (no boots)
Stlth   ++                       (no amulet)
HPRegen 0.27/turn                q - ring of willpower
MPRegen 0.15/turn                (no ring)

@: no status effects
A: sickness immunity, AC +6, negative energy resistance 1, electricity
resistance, torment resistance 1, petrification resistance
a: no special abilities


You were on level 8 of the Dungeon.
You visited 2 branches of the dungeon, and saw 9 of its levels.

You collected 295 gold pieces.
You spent 177 gold pieces at shops.


Innate Abilities, Weirdness & Mutations

You are immune to sickness and miasma.
Your stone body is resilient. (AC +6)
You are immune to poison.
You resist negative energy. (rN+)
You are resistant to electric shocks. (rElec)
You are resistant to unholy torment.
You are immune to petrification.


   Skills:
 - Level 1.5 Dodging
 - Level 2.1 Stealth
 + Level 5.3 Spellcasting
 * Level 8.1 Conjurations
 - Level 0.7 Transmutations
 * Level 10.0 Earth Magic


You had 8 spell levels left.
You knew the following spells:

 Your Spells              Type           Power      Damage    Failure   Level
a - Sandblast             Erth           100%       2d20      1%          1
b - Passwall              Tmut/Erth      25%        N/A       1%          2
c - Stone Arrow           Conj/Erth      96%        3d13      1%          3
d - Petrify               Tmut/Erth      31%        N/A       12%         4

Your spell library contained the following spells:

 Spells                   Type           Power      Damage    Failure   Level
 Magic Dart               Conj           100%       1d8       1%          1
 Mephitic Cloud           Conj/Pois/Air  18%        N/A       11%         3
 Call Imp                 Summ           6%         N/A       17%         2
 Summon Guardian Golem    Hex/Summ       6%         N/A       32%         3
 Orb of Destruction       Conj           21%        9d8       98%         7
 Spellforged Servitor     Conj/Summ      12%        N/A       100%        7

Inventory:

Hand Weapons
 d - a +0 mace
   (You found it on level 1 of the Dungeon)
 o - a +2 whip of freezing (weapon)
   (You took it off a kobold on level 4 of the Dungeon)
Missiles
 c - 4 javelins
 e - 10 poisoned darts
 j - 95 stones
Armour
 a - a +1 robe
 v - the +0 leather armour of an ossuary (worn) {rPois Str+3 Int+3}
   (You found it on level 6 of the Dungeon)

   Str:       It affects your strength (+3).
   Int:       It affects your intelligence (+3).
   rPois:     It protects you from poison.
Magical Staves
 s - a staff of conjuration {!a}
   (You found it on level 5 of the Dungeon)
Jewellery
 q - a ring of willpower (left hand)
   (You found it on level 4 of the Dungeon)
Wands
 m - a wand of polymorph (3)
   (You found it on level 3 of the Dungeon)
 A - a wand of iceblast (8)
   (You took it off a kobold brigand on level 7 of the Dungeon)
Scrolls
 h - a scroll of fog
 l - a scroll of silence {!r}
 n - a scroll of blinking {!r}
 t - a scroll of amnesia
 u - 2 scrolls of immolation {!r!r}
 y - a scroll of teleportation {@r4}
Potions
 b - a potion of magic
 f - 4 potions of might
 g - 3 potions of degeneration {!q}
 i - 4 potions of curing {@q1}
 k - a potion of attraction {!q}
 r - 2 potions of invisibility
 w - a potion of mutation {unknown}
 x - 2 potions of heal wounds {@q2}
 z - a potion of berserk rage {unknown}
 B - a potion of brilliance
 C - a potion of haste {@q3}

Dungeon Overview and Level Annotations

Branches:
Dungeon (8/15) Zot: 26952  Temple (1/1) D:4 Zot: 5949
   Lair: D:8-11

Altars:
Ashenzari
Cheibriados
Dithmenos
Elyvilon
Hepliaklqana
Kikubaaqudgha
Makhleb
Ru
Trog
Vehumet
Wu Jian
Xom
Yredelemnul
The Shining One

Shops:
D:4 :??

Annotations:
D:6 Pikel

..............
..............
.............
............
....?......##+#######
...........#........#
...>.......'........#
...........#........#
......O@.###........#
.....###............#
.... #............#
... ###.#...##...#
).⌠#.....######
...###........# <..?
#...<....# ...#
#.†......#
.⌠#.....##...#


You could see a two-headed ogre.


Message History

Casting: Sandblast (safe; 1% risk of failure)
Confirm with . or Enter, or press ? or * to list all spells.
Aiming: Sandblast (safe; 1% risk of failure)
Press: ? - help, Shift-Dir - straight line, f/p - wyvern
Aim: a wyvern (moderately wounded, 85% to hit)
The blast of sand hits the wyvern!
The wyvern misses you. The wyvern closely misses you. 😎 MP[-1]
You lost 1 mp, and now have 14/16 mp.
Casting: Sandblast (safe; 1% risk of failure)
Confirm with . or Enter, or press ? or * to list all spells.
Aiming: Sandblast (safe; 1% risk of failure)
Press: ? - help, Shift-Dir - straight line, f/p - wyvern
Aim: a wyvern (severely wounded, 85% to hit)
The blast of sand hits the wyvern!
You kill the wyvern!
Your Conjurations skill increases to level 8!
Your Earth Magic skill increases to level 10! 😎 MP[-1]
Found a stone staircase leading up. 😎 MP[+2]
You regained 2 mp, and now have 15/17 mp.
Casting: Sandblast (safe; 1% risk of failure)
Confirm with . or Enter, or press ? or * to list all spells.
You can't see any susceptible monsters within range! (Use Z to cast anyway.) Key pressed, stopping explore.
Casting: Sandblast (safe; 1% risk of failure)
Confirm with . or Enter, or press ? or * to list all spells.
You can't see any susceptible monsters within range! (Use Z to cast anyway.) 😎 MP[+2]
Your mp is fully restored (17).
You now have 118 gold pieces (gained 14).
You open the door.
There is an open door here.
A white imp comes into view.
Found a stone staircase leading down.
The white imp shouts!
A white imp is nearby!
A white imp is nearby!
A white imp is nearby!
The white imp picks up a beetle and eats it.
Casting: Sandblast (safe; 1% risk of failure)
Confirm with . or Enter, or press ? or * to list all spells.
Aiming: Sandblast (safe; 1% risk of failure)
Press: ? - help, Shift-Dir - straight line, f - white imp
Aim: a white imp (85% to hit)
The blast of sand hits the white imp!!
You kill the white imp! 😎 MP[-1]
You lost 1 mp, and now have 16/17 mp.
Casting: Sandblast (safe; 1% risk of failure)
Confirm with . or Enter, or press ? or * to list all spells.
You can't see any susceptible monsters within range! (Use Z to cast anyway.)
A two-headed ogre comes into view.
It is wielding a +0 giant spiked club and a +0 giant club.
Casting: Sandblast (safe; 1% risk of failure)
Confirm with . or Enter, or press ? or * to list all spells.
You can't see any susceptible monsters within range! (Use Z to cast anyway.)
A two-headed ogre is nearby!
Casting: Sandblast (safe; 1% risk of failure)
Confirm with . or Enter, or press ? or * to list all spells.
You can't see any susceptible monsters within range! (Use Z to cast anyway.)
A two-headed ogre is nearby!
Casting: Sandblast (safe; 1% risk of failure)
Confirm with . or Enter, or press ? or * to list all spells.
Aiming: Sandblast (safe; 1% risk of failure)
Press: ? - help, Shift-Dir - straight line, f - two-headed ogre
Aim: a two-headed ogre, wielding a +0 giant spiked club and a +0 giant club (93% to hit)
The blast of sand hits the two-headed ogre!!
Casting: Sandblast (safe; 1% risk of failure)
Confirm with . or Enter, or press ? or * to list all spells.
Aiming: Sandblast (safe; 1% risk of failure)
Press: ? - help, Shift-Dir - straight line, f/p - two-headed ogre
Aim: a two-headed ogre, wielding a +0 giant spiked club and a +0 giant club (heavily wounded, 93% to hit)
The blast of sand hits the two-headed ogre.
The two-headed ogre hits you with a +0 giant spiked club.
The two-headed ogre hits you with a +0 giant club!!
Ouch! That really hurt!
* * * LOW HITPOINT WARNING * * *
😨 HP[-30] MP[-1]
You take 30 damage, and now have 15/45 hp.
MASSIVE DAMAGE!! (PAUSE)
You lost 1 mp, and now have 15/17 mp.
Casting: Sandblast (safe; 1% risk of failure)
Confirm with . or Enter, or press ? or * to list all spells.
Aiming: Stone Arrow (safe; 1% risk of failure)
Press: ? - help, Shift-Dir - straight line, f/p - two-headed ogre
Aim: a two-headed ogre, wielding a +0 giant spiked club and a +0 giant club (heavily wounded, 89% to hit)
The stone arrow misses the two-headed ogre. 😨 MP[-3]
You lost 3 mp, and now have 12/17 mp.
Unknown command.
Casting: Stone Arrow (safe; 1% risk of failure)
Confirm with . or Enter, or press ? or * to list all spells.
Aiming: Stone Arrow (safe; 1% risk of failure)
Press: ? - help, Shift-Dir - straight line, f/p - two-headed ogre
Aim: a two-headed ogre, wielding a +0 giant spiked club and a +0 giant club (heavily wounded, 89% to hit)
The stone arrow hits the two-headed ogre!
The two-headed ogre hits you with a +0 giant spiked club!!
Ouch! That really hurt!
You die...

Skill      XL: |  1  2  3  4  5  6  7  8  9 |
---------------+----------------------------+-----
Earth Magic    | 4 5 6 7 9 10 | 10.0
Conjurations   | 1 2 3 4 5 7 8 |  8.1
Spellcasting   | 3 4 5 |  5.3
Dodging        | |  1.5
Stealth        | |  2.1
Transmutations | |  0.7

Action                     |  1- 3 |  4- 6 |  7- 9 || total
---------------------------+-------+-------+-------++-------
  Melee: Mace              |     6 |     2 |       ||     8
         Unarmed           |     3 |       |       ||     3
         Whip              |       |       |     2 ||     2
   Cast: Sandblast         |    53 |   109 |    88 ||   250
         Stone Arrow       |       |       |    34 ||    34
    Use: Scroll            |     2 |     8 |     9 ||    19
 Armour: Robe              |     9 |    30 |     6 ||    45
         Leather armour    |       |       |    33 ||    33
  Dodge: Dodged            |    12 |    42 |    57 ||   111

Levels and vault maps discovered:
D:1:      kennysheep_arrival_forest, layout_rooms
D:2:      layout_basic, uniq_terence
D:3:      layout_loops_ring, nicolae_ru_great_annihilating_truth,
          minmay_rat_hole
D:4:      nicolae_cairo_tiling_large, layout_basic,
          nicolae_overflow_hidden_temple, minmay_temple_entry_nine_rooms,
          nicolae_wooded_promenade, chequers_serial_rivers_large_a
D:5:      layout_loops_cross, beargit_hepliaklqana_dungeon_heroes, serial_glass,
          glass_columns_a, glass_columns_c, minmay_strange_pillars,
          feat_on_display, minmay_strange_pillars, due_unseen_surprise
D:6:      layout_gridville, nrook_uturn, kennysheep_generic_room_9, uniq_pikel
D:7:      layout_cave_pools, mainiacjoe_overflow_catwalk,
          nicolae_vehumet_altar_sigil, mainiacjoe_overflow_concentric_impassable
D:8:      layout_gridville, okawaru_ov_weapons_minmay,
          mainiacjoe_overflow_alcove_2, nicolae_fountain_basement, uniq_grum
Temple:   hellmonk_temple_of_storms

Notes
Turn   | Place    | Note
-------+----------+-------------------------------------------
     0 | D:1      | kae the Gargoyle Earth Elementalist began the quest for the
                  | Orb.
     0 | D:1      | Reached XP level 1. HP: 10/10 MP: 3/3
     0 | D:1      | magus.rc [v1.11.3]
   129 | D:1      | Reached skill level 4 in Earth Magic
   143 | D:1      | HP: 1/10 [frilled lizard (3)]
   146 | D:1      | Reached XP level 2. HP: 3/15 MP: 0/5
   506 | D:1      | Reached XP level 3. HP: 19/19 MP: 3/6
   509 | D:1      | Learned a level 2 spell: Passwall
   513 | D:1      | Learned a level 3 spell: Stone Arrow
  1011 | D:2      | Reached skill level 1 in Conjurations
  1352 | D:2      | Noticed Terence
  1359 | D:2      | Killed Terence
  1360 | D:2      | Reached skill level 5 in Earth Magic
  1360 | D:2      | Reached XP level 4. HP: 24/24 MP: 1/8
  1579 | D:3      | Reached skill level 2 in Conjurations
  1668 | D:3      | Reached XP level 5. HP: 28/28 MP: 5/9
  2022 | D:3      | Found a sacrificial altar of Ru.
  2506 | D:4      | Found a white marble altar of Elyvilon.
  2653 | D:4      | Reached skill level 3 in Spellcasting
  2775 | D:4      | Noticed a black bear
  2793 | D:4      | HP: 7/28 [black bear (2)]
  2793 | D:4      | Found Puapp's Magic Scroll Emporium.
  2793 | D:4      | Found Faigud's Book Shoppe.
  2796 | D:4      | Found Buecviz's Magic Scroll Shop.
  2882 | D:4      | Killed a black bear
  2883 | D:4      | Reached skill level 3 in Conjurations
  2883 | D:4      | Reached skill level 6 in Earth Magic
  2883 | D:4      | Reached XP level 6. HP: 24/32 MP: 5/10
  2933 | D:4      | Bought a scroll of blinking for 105 gold pieces
  2933 | D:4      | Bought a scroll of identify for 28 gold pieces
  3025 | D:4      | Bought a scroll of identify for 22 gold pieces
  3025 | D:4      | Bought a scroll of identify for 22 gold pieces
  3603 | D:4      | Reached skill level 4 in Conjurations
  3649 | D:4      | Found a staircase to the Ecumenical Temple.
  3667 | Temple   | Entered the Ecumenical Temple
  3915 | D:5      | Entered Level 5 of the Dungeon
  3931 | D:5      | Reached XP level 7. HP: 32/36 MP: 3/12
  4062 | D:5      | Reached skill level 7 in Earth Magic
  4274 | D:5      | Reached skill level 5 in Conjurations
  4286 | D:5      | Reached skill level 4 in Spellcasting
  4543 | D:5      | Noticed Blork the orc
  4545 | D:5      | Found a hazy altar of Hepliaklqana.
  4549 | D:5      | Killed Blork the orc
  4550 | D:5      | Reached XP level 8. HP: 35/41 MP: 9/14
  4582 | D:5      | You pick up a book of Dangerous Friends and begin
                  | reading...
  4582 | D:5      | You add the spells Summon Guardian Golem, Orb of
                  | Destruction and Spellforged Servitor to your library.
  4583 | D:5      | Found a faded altar of an unknown god.
  4906 | D:6      | Identified the +0 leather armour of an ossuary {rPois Str+3
                  | Int+3}
  4948 | D:6      | Reached skill level 8 in Earth Magic
  4953 | D:6      | Learned a level 4 spell: Petrify
  5056 | D:6      | Reached skill level 6 in Conjurations
  5056 | D:6      | HP: 10/41 [gnoll/+0 club[a gnoll sergeant] (5)]
  5266 | D:6      | Noticed Pikel
  5296 | D:5      | HP: 10/41 [lemure[Pikel] (5)]
  6292 | D:6      | Reached skill level 9 in Earth Magic
  6342 | D:6      | You pick up a book of Minor Magic and begin reading...
  6342 | D:6      | You add the spells Magic Dart, Call Imp and Mephitic Cloud
                  | to your library.
  6630 | D:6      | Reached skill level 7 in Conjurations
  6774 | D:7      | Reached skill level 5 in Spellcasting
  6774 | D:7      | Reached XP level 9. HP: 30/45 MP: 11/16
  7220 | D:7      | Found a basalt altar of Yredelemnul.
  7239 | D:7      | Found a radiant altar of Vehumet.
  7343 | D:7      | Found a burning altar of Makhleb.
  7507 | D:8      | Reached skill level 8 in Conjurations
  7507 | D:8      | Reached skill level 10 in Earth Magic
  7540 | D:8      | Noticed a two-headed ogre
  7546 | D:8      | Demolished by a two-headed ogre

Vanquished Creatures
  A wyvern (D:8)
  A water moccasin (D:6)
  A black bear (D:4)
  An ogre (D:6)
  A phantom (D:5)
  4 lemures
  Blork the orc (D:5)
  A kobold brigand (D:7)
  3 bullfrogs
  A gnoll sergeant (D:6)
  A scorpion (D:5)
  3 necrophages
  4 wights (D:6)
  6 howler monkeys
  A jelly (D:7)
  4 hounds
  An orc priest (D:4)
  A gnoll bouda (D:5)
  Terence (D:2)
  2 iguanas
  3 orc wizards
  14 gnolls
  5 adders
  3 white imps
  2 ufetubi (D:5)
  A dart slug (D:5)
  17 orcs
  5 ball pythons
  5 bats
  8 endoplasms
  5 giant cockroaches
  5 hobgoblins
  2 jackals (D:4)
  12 kobolds
  6 quokkas
  5 frilled lizards
  11 goblins
  20 rats
168 creatures vanquished.

Table legend:
 A = Non-vault XP
 B = Vault XP
 C = Vault XP percentage of total XP
 D = Non-vault monster count
 E = Vault monster count
 F = Vault count percentage of total count
                 A         B        C        D         E       F
            +---------+---------+-------+---------+---------+-------
      Total |    3012 |     164 |   5.2 |     139 |      25 |  15.2
            +---------+---------+-------+---------+---------+-------
        D:1 |      34 |       0 |   0.0 |      21 |       0 |   0.0
        D:2 |      48 |      36 |  42.9 |      17 |       1 |   5.6
        D:3 |      64 |      28 |  30.4 |      14 |      23 |  62.2
        D:4 |     356 |       0 |   0.0 |      31 |       0 |   0.0
        D:5 |     648 |     100 |  13.4 |      20 |       1 |   4.8
        D:6 |     995 |       0 |   0.0 |      18 |       0 |   0.0
        D:7 |     670 |       0 |   0.0 |      16 |       0 |   0.0
        D:8 |     197 |       0 |   0.0 |       2 |       0 |   0.0
            +---------+---------+-------+---------+---------+-------

Illustrated notes

Table legend:
 A = Kills in this place as a percentage of kills in entire the game.
 B = Kills by you in this place as a percentage of kills by you in the entire game.
 C = Kills by friends in this place as a percentage of kills by friends in the entire game.
 D = Other kills in this place as a percentage of other kills in the entire game.
 E = Experience gained in this place as a percentage of experience gained in the entire game.
 F = Experience gained in this place divided by the number of levels of this place that you have seen.
                   A       B       C       D       E      F
               +-------+-------+-------+-------+-------+----------------------
         Total | 100.0 | 100.0 |   N/A |   N/A | 100.0 | 352.9
       Dungeon | 100.0 | 100.0 |   N/A |   N/A | 100.0 | 397.0
               +-------+-------+-------+-------+-------+----------------------

Table legend: (Time is in decaauts)
 A = Elapsed time spent in this place.
 B = Non-inter-level travel time spent in this place.
 C = Inter-level travel time spent in this place.
 D = Time resting spent in this place.
 E = Time spent auto-exploring this place.
 F = Levels seen in this place.
 G = Mean time per level.
                   A        B        C        D        E       F      G
               +--------+--------+--------+--------+--------+-----+--------+
         Total |   7685 |   7446 |    239 |    728 |   5654 |   9 |  853.9 |
       Dungeon |   7635 |   7404 |    231 |    728 |   5617 |   8 |  954.4 |
        Temple |     50 |     43 |      7 |      0 |     37 |   1 |   50.0 |
               +--------+--------+--------+--------+--------+-----+--------+

Top non-repeatable levels by time:
     D:6: 1815 daAuts
     D:4: 1368 daAuts
     D:5: 1126 daAuts
     D:3: 1068 daAuts
     D:2: 867 daAuts
     D:7: 687 daAuts
     D:1: 655 daAuts
  Temple: 50 daAuts
     D:8: 46 daAuts
